 Dungeon Crawl Stone Soup version bcrawl-1.19.2-6-g6a88ae04c9 (webtiles) character file.

Game seed: 9096736963511734110

141 MisterOstroum the Sneak (level 5, -5/32 HPs)
             Began as a Vine Stalker Rogue on Dec 28, 2019.
             Was a Follower of Elyvilon.
             Slain by a black bear (12 damage)
             ... on level 4 of the Dungeon.
             The game lasted 00:08:24 (2232 turns).

MisterOstroum the Sneak (Vine Stalker Rogue)        Turns: 2232, Time: 00:08:24

Health: -5/32      AC:  4    Str: 13    XL:     5   Next: 24%
Magic:  7/7        EV: 11    Int: 11    God:    Elyvilon [*.....]
Gold:   273        SH:  0    Dex: 17    Spells: 4/4 levels left

rFire    . . .     SeeInvis .   b - +0 blowgun
rCold    . . .     Gourm    .   (no shield)
rNeg     . . .     Faith    .   s - +0 robe
rPois    .         Spirit   .   j - +0 helmet
rElec    .         Reflect  .   d - +0 cloak
rCorr    .         Harm     .   (no gloves)
MR       .....                  (no boots)
Stlth    ++++......             (no amulet)
HPRegen  0.50/turn              (no ring)
MPRegen  0.10/turn              (no ring)

@: protection
A: fangs 2, regeneration 1, no potion heal 3, rot immunity, strong jaws
a: Lesser Healing, Divine Protection, Renounce Religion


You were on level 4 of the Dungeon.
You worshipped Elyvilon.
Elyvilon was aware of your devotion.
You were not hungry.

You visited 1 branch of the dungeon, and saw 4 of its levels.

You collected 273 gold pieces.

Inventory:

Hand Weapons
 a - a +2 dagger
 b - a +0 blowgun (weapon)
 c - a +0 hunting sling
 r - a +0 great sword of slicing
Missiles
 h - 162 poisoned needles (quivered)
 u - 463 stones
 x - 57 tomahawks
 y - 337 sling bullets
Armour
 d - a +0 cloak (worn)
 j - a +0 helmet (worn)
 k - a +0 ring mail
 q - a +0 pair of gloves
 s - a +0 robe (worn)
Wands
 f - a wand of flame (10)
 g - a wand of enslavement (14)
Scrolls
 i - 2 scrolls of blinking {unknown}
 l - 2 scrolls of teleportation {unknown}
 m - 2 scrolls of enchant weapon {unknown}
 n - a scroll of identify {unknown}
 o - a scroll of noise {unknown}
 p - a scroll of fog {unknown}
 t - a scroll of amnesia {unknown}
 w - a scroll of remove curse {unknown}
Potions
 v - a potion of curing {unknown}
 A - 2 potions of agility {unknown}
Comestibles
 e - 5 rations {!d}
 z - 8 chunks of flesh


   Skills:
 * Level 3.0 Fighting
 + Level 2.9 Short Blades
 + Level 6.6 Stealth
 + Level 2.6 Evocations


You had 4 spell levels left.
You didn't know any spells.
Your spell library was empty.

Dungeon Overview and Level Annotations

Branches:
Dungeon (4/12)
 Temple: D:4-7

Altars:
Elyvilon
Gozag
Makhleb
Trog
Vehumet


Innate Abilities, Weirdness & Mutations

You have extremely sharp teeth.
Your natural rate of healing is unusually fast.
Potions cannot restore your health.
You are immune to rotting.
Your bites deal extra damage.


Message History

What are your orders? t - Shout!
Orders for allies: a - Attack new target. r - Retreat! s - Stop attacking. g - Guard the area. f - Follow me.
Anything else - Cancel.
You shout for attention!
You hear an angry growl.
What are your orders? t - Shout!
Orders for allies: a - Attack new target. r - Retreat! s - Stop attacking. g - Guard the area. f - Follow me.
Anything else - Cancel.
You shout for attention!
Firing (i - inventory. (/) - cycle)
h - 170 poisoned needles (quivered)
Press: ? - help, Shift-Dir - straight line, f - black bear
Aim: a black bear You shoot a poisoned needle.
The poisoned needle closely misses the black bear.
Firing (i - inventory. (/) - cycle)
h - 169 poisoned needles (quivered)
Press: ? - help, Shift-Dir - straight line, f/p - black bear
Aim: a black bear You shoot a poisoned needle.
The poisoned needle barely misses the black bear.
Firing (i - inventory. (/) - cycle)
h - 168 poisoned needles (quivered)
Press: ? - help, Shift-Dir - straight line, f/p - black bear
Aim: a black bear You shoot a poisoned needle.
The poisoned needle hits the black bear!
The black bear is poisoned.
Firing (i - inventory. (/) - cycle)
h - 167 poisoned needles (quivered)
Press: ? - help, Shift-Dir - straight line, f/p - black bear
Aim: a black bear (lightly wounded, poisoned)
You shoot a poisoned needle.
The poisoned needle barely misses the black bear.
Firing (i - inventory. (/) - cycle)
h - 166 poisoned needles (quivered)
Press: ? - help, Shift-Dir - straight line, f/p - black bear
Aim: a black bear (lightly wounded, poisoned)
You shoot a poisoned needle.
The poisoned needle hits the black bear.
The black bear looks more poisoned.
The black bear is lightly wounded.
Firing (i - inventory. (/) - cycle)
h - 165 poisoned needles (quivered)
Press: ? - help, Shift-Dir - straight line, f/p - black bear
Aim: a black bear (lightly wounded, poisoned)
You shoot a poisoned needle.
The poisoned needle barely misses the black bear.
There is a stone staircase leading up here.
The black bear bites you!
The black bear claws you but does no damage.
The black bear claws you.
Some of the chunks of flesh in your inventory have rotted away.
Found a burning altar of Makhleb.
Found a robe.
Found a bloodstained altar of Trog.
Found 9 gold pieces.
Firing (i - inventory. (/) - cycle)
h - 164 poisoned needles (quivered)
Press: ? - help, Shift-Dir - straight line, f/p - black bear
Aim: a black bear (severely wounded, poisoned)
You shoot a poisoned needle.
The poisoned needle hits the black bear.
The black bear is severely wounded.
The black bear misses you. The black bear claws you.
The black bear claws you but does no damage.
The black bear misses you. The black bear claws you.
The black bear claws you but does no damage.
The black bear goes berserk!
Firing (i - inventory. (/) - cycle)
h - 163 poisoned needles (quivered)
Press: ? - help, Shift-Dir - straight line, f/p - black bear
Aim: a black bear (severely wounded, berserk, fast, unusually strong, poisoned)
You shoot a poisoned needle.
The poisoned needle hits the black bear.
The black bear looks more poisoned.
The black bear is severely wounded.
The black bear bites you but does no damage.
The black bear closely misses you.
The black bear claws you but does no damage.
The black bear bites you. The black bear claws you.
The black bear barely misses you.
The black bear rages.
The black bear rages.
The black bear misses you.
The black bear claws you but does no damage.
The black bear claws you.
You hear an angry hiss.
You hear an angry hiss.
You hear an angry growl.
The black bear completely misses you. x2; The black bear claws you.
You hear an angry hiss.
The black bear bites you but does no damage.
The black bear closely misses you. The black bear claws you.
* * * LOW HITPOINT WARNING * * *
You hear an angry hiss.
You beseech Elyvilon to protect your life.
The black bear bites you!! Elyvilon protects you from harm!
The black bear claws you.
* * * LOW HITPOINT WARNING * * *
The black bear closely misses you. The black bear bites you!
You die...

## ###
...############<#######
...........@h..........
........#######.#######
..[._8_................
........#######.#######
........# #.# .$...####
#.# ....# #.# .... #.#
... #.#


You could see a black bear (berserk).

Vanquished Creatures
  A bullfrog skeleton (D:3)
  An orc wizard (D:3)
  2 adders (D:3)
  An ooze (D:1)
  3 dart slugs
  A leopard gecko (D:1)
  4 orcs (D:3)
  2 ball pythons
  3 giant cockroaches
  10 goblins
  6 hobgoblins
  A quokka (D:2)
  2 bats
  6 frilled lizards
  5 kobolds
  3 rats (D:2)
51 creatures vanquished.

Vanquished Creatures (collateral kills)
  A worm (D:3)
  A hobgoblin (D:3)
  2 kobolds (D:3)
4 creatures vanquished.

Grand Total: 55 creatures vanquished

Notes
Turn   | Place    | Note
-------+----------+-------------------------------------------
     0 | D:1      | MisterOstroum the Vine Stalker Rogue began the quest for
                  | the Orb.
     0 | D:1      | Reached XP level 1. HP: 12/12 MP: 3/3
   182 | D:1      | Reached XP level 2. HP: 17/17 MP: 4/4
   245 | D:1      | Reached skill level 6 in Stealth
   656 | D:1      | Reached XP level 3. HP: 21/21 MP: 5/5
  1080 | D:2      | Found a white marble altar of Elyvilon.
  1100 | D:2      | Became a worshipper of Elyvilon the Healer
  1523 | D:2      | Found a radiant altar of Vehumet.
  1737 | D:3      | Found an opulent altar of Gozag.
  1742 | D:3      | Reached XP level 4. HP: 15/27 MP: 6/6
  1875 | D:3      | Reached * piety under Elyvilon
  2035 | D:3      | Reached XP level 5. HP: 29/32 MP: 7/7
  2176 | D:4      | Noticed a black bear
  2213 | D:4      | Found a burning altar of Makhleb.
  2215 | D:4      | Found a bloodstained altar of Trog.
  2231 | D:4      | Elyvilon protects you from harm!
  2232 | D:4      | Slain by a black bear

Skill      XL: |  1  2  3  4 |
---------------+-------------+-----
Short Blades   | 2 |  2.9
Fighting       | 2 3 |  3.0
Stealth        | 6 |  6.6
Evocations     | 2 |  2.6

Action                   |  1- 3 |  4- 6 || total
-------------------------+-------+-------++-------
Melee: Dagger            |    73 |     8 ||    81
       Bite              |    11 |     1 ||    12
 Fire: Hunting sling     |    16 |    33 ||    49
       Blowgun           |    12 |    22 ||    34
Invok: Divine Protection |       |     1 ||     1
Evoke: Wand              |     6 |       ||     6
 Stab: Sleeping          |    12 |       ||    12
  Eat: Chunk             |     2 |     2 ||     4
Armor: Robe              |    22 |     9 ||    31
Dodge: Dodged            |    42 |    12 ||    54
